 Dungeon Crawl Stone Soup version 0.14-a0-2723-gdc5d926 (webtiles) character file.

17994 HollowCharge the Martial Artist (level 12, -7/165 HPs)
             Began as a Grey Draconian Monk on Feb 19, 2014.
             Mangled by a minotaur
             ... wielding a +4 rod of frigid destruction (10/10)
              (11 damage)
             ... in a labyrinth.
             The game lasted 01:22:15 (19635 turns).

HollowCharge the Martial Artist (DrMo)             Turns: 19635, Time: 01:22:15

HP  -7/165       AC 13     Str 19      XL: 12   Next: 17%
MP  13/13        EV 27     Int 13      God:
Gold 734         SH  0     Dex 23      Spells:  0 memorised, 11 levels left

rFire  . . .     SeeInvis .       - Unarmed
rCold  + . .     Clarity  .     (armour unavailable)
rNeg   + . .     Conserve .     (no shield)
rPois  .         rCorr    .     (helmet restricted)
rElec  .         rRot     .     (no cloak)
SustAb . .       Spirit   .     (no gloves)
rMut   .         Warding  .     (no boots)
Saprov . . .     Stasis   .     (no amulet)
MR     .....                    a - ring of positive energy
                                k - ring of protection from cold

@: agile, berserking, very quick, not resistant to hostile enchantments,
extremely unstealthy
A: walk through water, unfitting armour, clever 1, high mp 1, unbreathing, AC
+13
a: no special abilities


You were in a labyrinth.
You were not hungry.

You visited 3 branches of the dungeon, and saw 14 of its levels.
You also visited: Labyrinth, Sewer and Bailey.

You collected 734 gold pieces.

Inventory:

Magical devices
 c - a wand of slowing (7)
 m - a wand of cold (8)
 p - a wand of paralysis (13)
 v - a wand of polymorph (5)
 z - a wand of disintegration (4)
 A - a wand of hasting (5)
 N - a wand of enslavement (7)
Comestibles
 g - 3 honeycombs
 T - a cheese
Scrolls
 h - 4 scrolls of magic mapping
 n - a scroll of teleportation
 o - a scroll of enchant weapon I
 M - 2 scrolls of remove curse
 P - 3 scrolls of fog
 W - a scroll of fear
Jewellery
 a - a ring of positive energy (right hand)
 k - a ring of protection from cold (left hand)
Potions
 d - a potion of lignification
 e - a potion of mutation
 f - a potion of speed
 j - 3 potions of agility
 l - a potion of brilliance
 w - a potion of invisibility {unknown}
 B - 7 potions of heal wounds
 C - 2 potions of resistance
 E - 3 potions of curing


   Skills:
 + Level 11.4 Fighting
 + Level 9.8 Dodging
 - Level 1.7 Stealth
 * Level 14.1 Unarmed Combat


You had 11 spell levels left.
You didn't know any spells.

Dungeon Overview and Level Annotations

Branches:
Dungeon (10/16)            Temple (1/1) D:7            Lair (3/8) D:9
    Orc: D:9-12       Swamp: Lair:3-6    Shoals: Lair:3-6     Snake: Lair:3-6
 Spider: Lair:3-6

Altars:
Ashenzari
Cheibriados
Dithmenos
Elyvilon
Fedhas
Kikubaaqudgha
Makhleb
Nemelex Xobeh
Okawaru
Sif Muna
Trog
Vehumet
Xom
Yredelemnul
Zin
The Shining One

Annotations:
Lair:2 exclusion: 2 oklob plants


Innate Abilities, Weirdness & Mutations

You can walk through water.
Your dull iron-grey scales are very hard (AC +13).
Your body does not fit into most forms of armour.
Your cold-blooded metabolism reacts poorly to cold.
You can survive without breathing.
Your mind is acute. (Int +2)
You have an increased reservoir of magic (+10% MP).


Message History

You barely miss the minotaur.
The minotaur furiously retaliates!
The minotaur headbutts you, but does no damage.
The minotaur is heavily wounded.
The minotaur hits you with a knobbly jewelled rod!
* * * LOW HITPOINT WARNING * * *
The minotaur gores you but does no damage.
You punch the minotaur!
You tail-slap the minotaur, but do no damage.
The minotaur is heavily wounded.
You barely miss the minotaur. You punch the minotaur.
The minotaur is severely wounded.
The minotaur hits you with a knobbly jewelled rod!
* * * LOW HITPOINT WARNING * * *
The minotaur completely misses you.
A red film seems to cover your vision as you go berserk!
You feel yourself moving faster!
You feel mighty!
The minotaur hits you with a knobbly jewelled rod!
* * * LOW HITPOINT WARNING * * *
The minotaur gores you!
You die...

# # . . . . ▓
. . .▓ #
#▓<▓## ## #
... .# #...
###H# .# ## #
#.@.# #... #.
. . #.######
. . .## #.#..
# .#..... .
#.# # #.# # #
## #.. #. ...
...#.#
#####.#.#####
#.
#.#...#.#..
.. .. # ▓.
##.#. ## ###.
# # .
.......... .#
. .


You could see a minotaur.

Vanquished Creatures
  A fire drake (Lair:1)
  A queen bee (D:8)
  Grinder (D:4)
  3 spiny frogs
  17 blink frogs
  2 komodo dragons (Lair:2)
  3 basilisks
  A hill giant zombie (D:10)
  15 yaks
  Eustachio (D:6)
  5 hippogriffs
  2 steam dragons
  10 orc warriors
  4 porcupines
  A necrophage (D:10)
  An ice beast (D:8)
  An ogre (D:4)
  A black bear (D:9)
  A phantom (D:6)
  A sky beast (D:5)
  2 centaurs
  5 water moccasins
  Sigmund (D:2)
  Duvessa (D:5)
  A giant slug (Lair:1)
  5 crocodiles
  10 giant frogs
  Blork the orc (D:7)
  12 big kobolds
  2 agate snails
  A komodo dragon skeleton (D:8)
  20 killer bees
  15 wights
  Dowan (D:5)
  A crimson imp (D:6)
  A goliath beetle (D:8)
  A giant frog zombie (D:8)
  3 jellies
  3 giant frog skeletons
  A big fish (Sewer)
  7 hounds
  3 orc priests
  10 orc wizards
  12 worker ants
  2 scorpions
  6 iguanas
  Jessica (D:2)
  9 sheep
  A mummy (D:9)
  8 gnolls
  8 adders
  5 giant centipedes
  14 green rats
  A human (D:2)
  An orc skeleton (D:9)
  A gnoll skeleton (D:5)
  A giant mite (D:9)
  5 worms
  2 orc zombies
  2 grey rats (Sewer)
  5 giant geckos
  An ooze (D:3)
  60 orcs
  17 bats
  4 giant cockroaches
  9 goblins
  11 hobgoblins
  17 jackals
  13 quokkas
  3 ball pythons
  A giant newt (D:2)
  A goblin skeleton (D:4)
  35 kobolds
  A kobold skeleton (D:4)
  2 kobold zombies
  2 quokka skeletons
  19 rats
  A rat zombie (D:7)
  A plant (D:9)
461 creatures vanquished.

Vanquished Creatures (collateral kills)
  An orc warrior (Bailey)
  4 orcs (Bailey)
5 creatures vanquished.

Vanquished Creatures (others)
  A hound (D:5)
  A bat (D:8)
2 creatures vanquished.

Grand Total: 468 creatures vanquished

Notes
Turn   | Place    | Note
--------------------------------------------------------------
     0 | D:1      | HollowCharge, the Draconian Monk, began the quest for the Orb.
     0 | D:1      | Reached XP level 1. HP: 19/19 MP: 1/1
   155 | D:1      | Reached XP level 2. HP: 23/26 MP: 2/2
   764 | D:2      | Reached XP level 3. HP: 26/33 MP: 3/3
   789 | D:2      | Noticed Jessica
   791 | D:2      | Found a blossoming altar of Fedhas.
   796 | D:2      | Killed Jessica
   904 | D:2      | Found a basalt altar of Yredelemnul.
  1128 | D:2      | Noticed Sigmund
  1140 | D:2      | Killed Sigmund
  1140 | D:2      | Reached skill level 5 in Unarmed Combat
  1140 | D:2      | Reached XP level 4. HP: 15/41 MP: 4/4
  1671 | D:3      | Reached XP level 5. HP: 40/47 MP: 5/5
  2098 | D:3      | Found a glowing drain.
  2103 | Sewer    | Entered a sewer
  2449 | Sewer    | Found a white marble altar of Elyvilon.
  2577 | D:3      | Found a shimmering altar of Xom.
  2581 | D:3      | Found a shimmering altar of Xom.
  2597 | D:3      | Found a shimmering altar of Xom.
  2600 | D:3      | Found a shimmering altar of Xom.
  2602 | D:3      | Found a shimmering altar of Xom.
  3136 | D:4      | Reached XP level 6. HP: 53/53 MP: 6/6
  3170 | D:4      | HP: 2/55 [orc (5)]
  3602 | D:4      | Noticed an ogre
  3618 | D:4      | Killed an ogre
  3618 | D:4      | Reached skill level 5 in Fighting
  3618 | D:4      | Reached skill level 6 in Unarmed Combat
  3838 | D:4      | Found a deep blue altar of Sif Muna.
  4128 | D:4      | Noticed Grinder
  4154 | D:4      | Paralysed by Grinder for 2 turns
  4175 | D:4      | Killed Grinder
  4175 | D:4      | Your scales start taking on a dull iron-grey colour.
  4175 | D:4      | Gained mutation: You can survive without breathing. [draconian maturity]
  4175 | D:4      | Reached XP level 7. HP: 21/62 MP: 7/7
  4503 | D:5      | Entered Level 5 of the Dungeon
  4509 | D:5      | Reached skill level 7 in Unarmed Combat
  4642 | D:5      | Reached skill level 5 in Dodging
  4977 | D:5      | Reached XP level 8. HP: 65/70 MP: 8/8
  5259 | D:5      | Noticed Duvessa
  5259 | D:5      | Noticed Dowan
  5278 | D:5      | Killed Duvessa
  5595 | D:5      | Killed Dowan
  5595 | D:5      | Reached skill level 8 in Unarmed Combat
  6014 | D:6      | Noticed Eustachio
  6046 | D:6      | Killed Eustachio
  7006 | D:6      | Reached skill level 9 in Unarmed Combat
  7014 | D:6      | Found a shadowy altar of Dithmenos.
  7270 | D:7      | Noticed Blork the orc
  7275 | D:7      | Killed Blork the orc
  7276 | D:7      | Found a burning altar of Makhleb.
  7276 | D:7      | Noticed an Executioner
  7371 | D:7      | Reached XP level 9. HP: 70/79 MP: 9/9
  7679 | D:7      | Found a staircase to the Ecumenical Temple.
  7686 | Temple   | Entered the Ecumenical Temple
  7870 | D:8      | Found an iron altar of Okawaru.
  7944 | D:8      | HP: 4/81 [killer bee (4)]
  7972 | D:7      | HP: 1/81 [killer bee (8)]
  8611 | D:8      | Reached skill level 10 in Unarmed Combat
  9048 | D:8      | Found a glowing silver altar of Zin.
  9990 | D:8      | Reached XP level 10. HP: 86/90 MP: 10/10
 10132 | D:8      | Reached skill level 11 in Unarmed Combat
 11299 | D:9      | Found a flagged portal.
 11387 | Bailey   | Entered a bailey
 11839 | Bailey   | Noticed an orc knight
 12121 | D:9      | Found a staircase to the Lair.
 12352 | D:9      | Found a white marble altar of Elyvilon.
 12353 | D:9      | Found a shattered altar of Ashenzari.
 12353 | D:9      | Found a deep blue altar of Sif Muna.
 12939 | D:10     | Entered Level 10 of the Dungeon
 13102 | D:10     | Reached skill level 12 in Unarmed Combat
 13465 | D:10     | Reached skill level 10 in Fighting
 13724 | D:10     | Reached XP level 11. HP: 99/99 MP: 11/11
 13815 | Lair:1   | Entered Level 1 of the Lair of Beasts
 15048 | Lair:1   | Gained mutation: You have an increased reservoir of magic (+10% MP). [potion of beneficial mutation]
 15049 | Lair:1   | Gained mutation: Your mind is acute. (Int +2) [potion of beneficial mutation]
 15483 | Lair:1   | Reached skill level 13 in Unarmed Combat
 17151 | Lair:2   | Reached XP level 12. HP: 56/110 MP: 13/13
 17609 | Lair:2   | Reached skill level 14 in Unarmed Combat
 18446 | Lair:3   | Found a labyrinth entrance.
 18485 | Lab      | Entered a labyrinth
 19624 | Lab      | Noticed a minotaur
 19635 | Lab      | HP: 4/165 [minotaur/knobbly jewelled rod (24)]
 19635 | Lab      | Identified a +4 rod of frigid destruction (10/10)
 19635 | Lab      | Mangled by a minotaur

Action                   |  1- 3 |  4- 6 |  7- 9 | 10-12 || total
-------------------------+-------+-------+-------+-------++-------
Melee: Unarmed           |   114 |   228 |   583 |  1112 ||  2037
Evoke: Wand              |       |       |       |    26 ||    26
  Use: Scroll            |       |     2 |    18 |    11 ||    31
       Potion            |       |     1 |     9 |     4 ||    14
 Stab: Sleeping          |       |     1 |     9 |     9 ||    19
